 Dungeon Crawl Stone Soup version 0.29-a0-1033-gb6c65ffae6 (webtiles) character file.

Game seed: 14491649195224004407

51289 wingedge the Blocker (level 15, -4/97 HPs)
             Began as a Human Wanderer on Aug 14, 2022.
             Was the Champion of Hepliaklqana.
             Slain by an elephant (8 damage)
             ... on level 5 of the Lair of Beasts.
             The game lasted 01:44:20 (16309 turns).

wingedge the Blocker (Human Wanderer)              Turns: 16309, Time: 01:44:21

Health: -4/97      AC: 12    Str: 14    XL:     15   Next: 1%
Magic:  1/27       EV: 15    Int: 23    God:    Hepliaklqana [******]
Gold:   1234       SH: 17    Dex: 20    Spells: 5/30 levels left

rFire   . . .      SeeInvis .   a - +6 double sword of the Present {vorpal, Int+3 Dex+3}
rCold   + . .      Faith    .   S - +4 kite shield {reflect}
rNeg    . . .      Spirit   .   L - +1 robe of Vines {NoPotionHeal Regen++++}
rPois   +          Reflect  +   d - +2 helmet
rElec   .          Harm     .   O - +2 cloak {rCorr}
rCorr   +          Rampage  .   N - -1 pair of gloves "Nimaemait" {rPois rF+ Will+}
Will    ++...                   z - +2 pair of boots
Stlth   ++........              n - amulet of magic regeneration
HPRegen 3.46/turn               l - ring of ice
MPRegen 0.60/turn               v - +6 ring of dexterity

@: slightly contaminated
A: reduced essence
a: Renounce Religion, Recall Ancestor, Ancestor Identity, Transference, Idealise


You were on level 5 of the Lair of Beasts.
You worshipped Hepliaklqana.
Hepliaklqana was exalted by your worship.
You visited 3 branches of the dungeon, and saw 17 of its levels.
You also visited: Bailey, Gauntlet and Ice Cave.

You collected 2260 gold pieces.
You spent 1026 gold pieces at shops.

Inventory:

Hand Weapons
 a - the +6 double sword of the Present (weapon) {vorpal, Int+3 Dex+3}
   (You acquired it on level 11 of the Dungeon)

   It inflicts extra damage upon your enemies.
   Int:       It affects your intelligence (+3).
   Dex:       It affects your dexterity (+3).
 b - a +4 double sword of holy wrath
Missiles
 r - 5 silver boomerangs (quivered)
Armour
 d - a +2 helmet (worn)
 h - the +0 chain mail of Conscience {rF- rN+ Will+ Stlth+}
   (You took it off a minotaur in a Gauntlet)

   rF:        It makes you vulnerable to fire.
   rN:        It protects you from negative energy.
   Will:      It increases your willpower.
   Stlth:     It makes you more stealthy.
 o - the +4 leather armour "Xyqal" {Rampage Str-3 Dex+6}
   (You found it on level 2 of the Dungeon)

   Str:       It affects your strength (-3).
   Dex:       It affects your dexterity (+6).
   Rampage:   It bestows one free step when moving towards enemies.
 x - +0 ice dragon scales
 z - a +2 pair of boots (worn)
 L - the +1 robe of Vines (worn) {NoPotionHeal Regen++++}
   (You found it on level 6 of the Dungeon)

   Its wearer cannot be healed by potions.
   Regen:     It increases your rate of health regeneration.
 N - the -1 pair of gloves "Nimaemait" (worn) {rPois rF+ Will+}
   (You bought it in a shop on level 7 of the Dungeon)

   rF:        It protects you from fire.
   rPois:     It protects you from poison.
   Will:      It increases your willpower.
 O - a +2 cloak of preservation (worn)
 P - a +1 robe of cold resistance
 S - a +4 kite shield of reflection (worn)
Magical Staves
 c - a staff of death
Jewellery
 l - a ring of ice (left hand)
 n - an amulet of magic regeneration (around neck)
 u - a ring of poison resistance
 v - a +6 ring of dexterity (right hand)
 y - a ring of ice
 Z - the ring of Qiyf {rCorr Str+4 SInv}
   (You found it on level 11 of the Dungeon)

   [ring of see invisible]

   Str:       It affects your strength (+4).
   SInv:      It lets you see invisible.
   rCorr:     It protects you from acid and corrosion.
Wands
 C - a wand of polymorph (14)
 F - a wand of quicksilver (12)
 I - a wand of mindburst (16)
 X - a wand of iceblast (8)
Scrolls
 f - 6 scrolls of teleportation
 g - 2 scrolls of torment
 p - 4 scrolls of immolation
 s - 2 scrolls of butterflies
 A - 5 scrolls of fear
 G - 3 scrolls of vulnerability
 J - a scroll of magic mapping
 M - 2 scrolls of blinking
 Q - 2 scrolls of poison
 R - a scroll of silence
 Y - a scroll of amnesia
Potions
 e - 2 potions of haste
 i - 3 potions of attraction
 j - a potion of resistance
 k - 3 potions of mutation
 q - 6 potions of heal wounds
 t - 5 potions of brilliance
 w - 4 potions of curing
 B - 3 potions of invisibility
 D - a potion of berserk rage
 H - 3 potions of cancellation
 K - 3 potions of lignification
 T - 2 potions of flight {unknown}
 U - 2 potions of might {unknown}
 V - 2 potions of magic {unknown}
Miscellaneous
 W - a lightning rod (4/4)


   Skills:
 + Level 7.1 Fighting
 - Level 6.0 Long Blades
 - Level 3.0 Throwing
 - Level 1.0 Armour
 - Level 6.0 Dodging
 - Level 1.0 Stealth
 - Level 12.0 Shields
 - Level 8.0 Spellcasting
 - Level 9.0 Conjurations
 - Level 7.0 Summonings
 - Level 5.0 Necromancy
 - Level 8.0 Transmutations
 - Level 9.0 Air Magic
 - Level 3.0 Earth Magic
 - Level 1.0 Poison Magic
 - Level 3.0 Invocations


You had 5 spell levels left.
You knew the following spells:

 Your Spells              Type           Power      Damage    Failure   Level
a - Sting                 Tmut/Pois      100%       1d8       2%          1
b - Static Discharge      Conj/Air       50%        3-10/arc  1%          2
c - Searing Ray           Conj           100%       2d8       1%          2
d - Irradiate             Conj/Tmut      24%        3d19      12%         5
e - Airstrike             Air            25%        2d(4-20)  3%          4
f - Summon Lightning Spi  Summ/Air       46%        N/A       5%          4
g - Lightning Bolt        Conj/Air       25%        1d41      10%         5
h - Sublimation of Blood  Necr           32%        N/A       2%          2

Your spell library contained the following spells:

 Spells                   Type           Power      Damage    Failure   Level
 Passwall                 Tmut/Erth      28%        N/A       2%          2
 Poisonous Vapours        Pois/Air       64%        N/A       2%          2
 Mephitic Cloud           Conj/Pois/Air  38%        N/A       3%          3
 Dazzling Flash           Conj/Hex       58%        N/A       7%          3
 Spider Form              Tmut/Pois      29%        N/A       7%          3
 Summon Guardian Golem    Hex/Summ       25%        N/A       10%         3
 Ignite Poison            Fire/Tmut/Pois 23%        N/A       12%         3
 Petrify                  Tmut/Erth      34%        N/A       14%         4
 Blade Hands              Tmut           23%        N/A       14%         5
 Animate Dead             Necr           32%        N/A       19%         4
 Corpse Rot               Necr/Pois/Air  32%        N/A       19%         4
 Dispel Undead            Necr           32%        3d14      19%         4
 Scorch                   Fire           18%        2d6       22%         2
 Flame Wave               Conj/Fire      29%        2d9       22%         4
 Freezing Cloud           Conj/Ice/Air   26%        6-21      32%         5
 Ozocubu's Armour         Ice            13%        N/A       38%         3
 Portal Projectile        Hex/Tloc       18%        N/A       38%         3
 Tukima's Dance           Hex            9%         N/A       38%         3
 Anguish                  Hex/Necr       10%        N/A       45%         4
 Leda's Liquefaction      Hex/Erth       8%         N/A       58%         4
 Olgreb's Toxic Radiance  Pois           13%        N/A       67%         4
 Lee's Rapid Deconstruct  Erth           11%        3d9*      75%         5
 Summon Cactus Giant      Summ           20%        N/A       77%         6
 Statue Form              Tmut/Erth      22%        N/A       92%         6
 Death Channel            Necr           16%        N/A       95%         6
 Orb of Destruction       Conj           25%        9d9       96%         7
 Spellforged Servitor     Conj/Summ      23%        N/A       99%         7
 Simulacrum               Ice/Necr       15%        N/A       100%        6
 Enfeeble                 Hex            4%         N/A       100%        7
 Haunt                    Necr/Summ      18%        N/A       100%        7
 Infestation              Necr           16%        N/A       100%        8
 Polar Vortex             Ice            6%         N/A       100%        9


Dungeon Overview and Level Annotations

Branches:
Dungeon (11/15)            Temple (1/1) D:7            Lair (5/5) D:8
  Swamp (0/4) Lair:3        Snake (0/4) Lair:2        Slime (0/5) Lair:4
 Bailey (visited)           IceCv (visited)         Gauntlet (visited)
    Orc: D:9-12

Altars:
Ashenzari
Cheibriados
Dithmenos
Elyvilon
Fedhas
Gozag
Hepliaklqana
Kikubaaqudgha
Makhleb
Nemelex Xobeh
Okawaru
Qazlal
Ru
Sif Muna
Trog
Uskayaw
Vehumet
Wu Jian
Xom
Yredelemnul
Zin
The Shining One

Shops:
D:3 !:(   D:7 [

Annotations:
D:9 exclusion: obsidian statue


Message History

The polar bear is almost dead.
The elephant is struck by an arc of lightning!
The elephant is moderately wounded.
You are struck by an arc of lightning.
* * * LOW HITPOINT WARNING * * *
The elephant is struck by an arc of lightning!
The elephant is heavily wounded.
You are struck by an arc of lightning.
* * * LOW HITPOINT WARNING * * *
The lightning grounds out.
The elephant is struck by an arc of lightning!
The elephant is severely wounded.
You are struck by an arc of lightning.
* * * LOW HITPOINT WARNING * * *
The polar bear is struck by an arc of lightning!
The polar bear is almost dead.
You are struck by an arc of lightning.
* * * LOW HITPOINT WARNING * * *
The lightning grounds out.
The five-headed hydra is struck by an arc of lightning!
The five-headed hydra is lightly wounded.
The elephant is struck by an arc of lightning!
The elephant is almost dead.
The polar bear is struck by an arc of lightning!
You kill the polar bear!
The lightning grounds out.
The elephant is struck by an arc of lightning.
The elephant is severely wounded.
You are struck by an arc of lightning.
* * * LOW HITPOINT WARNING * * *
The lightning grounds out.
You block the five-headed hydra's attack.
The five-headed hydra misses you.
You block the five-headed hydra's attack.
The five-headed hydra bites you but does no damage.
The five-headed hydra bites you!
* * * LOW HITPOINT WARNING * * *
The elephant tramples you but does no damage.
You block the elephant's attack. The elephant tramples you!
You die...

.....P......####
............#..##
............PP.P## #.
...............). ....
...............###P...
.#....†.........#.....
.........#............
.#..........##Y.......
..........<†l@†#......
..#...#†...†#YD.......
.......##.†.##.#P.....
.......#...##..# .....
##.....#....##.. ....
##......Y#...... ...
##..#†.Y#....... ..
... ...#......... . ..
...# .......Y


You could see a five-headed hydra, 2 elephants and a komodo dragon.

Vanquished Creatures
  Fannar (D:10)
  4 hydras
  A catoblepas (Lair:5)
  A two-headed ogre (D:11)
  5 death yaks
  Sonja (Lair:4)
  An ugly thing (D:11)
  9 elephants
  A moth of wrath (D:10)
  2 cyclopes (D:11)
  A black mamba (Lair:1)
  3 ice statues
  A torpor snail (Lair:4)
  7 cane toads
  6 ice devils (IceCv)
  A rime drake (Lair:5)
  7 komodo dragons
  The ghost of Chaicat the Ruffian, an amateur TrWr (D:3)
  An anaconda simulacrum (IceCv)
  2 polar bears
  A troll (D:10)
  2 hornets
  A dream sheep (D:8)
  12 blink frogs
  Sigmund (D:5)
  4 wyverns
  23 yaks
  Eustachio (D:4)
  A vampire (D:5)
  A basilisk (Lair:3)
  A steam dragon (D:8)
  A death yak simulacrum (IceCv)
  A harpy simulacrum (IceCv)
  Edmund (D:4)
  A hydra simulacrum (IceCv)
  3 nagas (Lair:2)
  12 water moccasins
  Duvessa (D:4)
  4 orc warriors
  A swamp drake (D:8)
  An ice beast (D:6)
  3 black bears
  A centaur (D:9)
  2 ogres (D:5)
  5 wolves
  8 kobold brigands
  5 bullfrogs
  A cane toad simulacrum (IceCv)
  4 scorpions (D:5)
  Dowan (D:4)
  17 killer bees
  An electric eel (Lair:4)
  2 howler monkeys
  3 orc priests
  3 hounds
  A jelly (D:5)
  A gnoll bouda (D:8)
  Crazy Yiuf (D:3)
  3 iguanas
  3 orc wizards
  A troll simulacrum (IceCv)
  A polar bear simulacrum (IceCv)
  3 wolf simulacra (IceCv)
  9 adders
  6 gnolls
  A naga simulacrum (IceCv)
  A river rat (D:3)
  3 shadow imps
  13 white imps
  4 ufetubi
  3 worms
  5 dart slugs
  16 orcs
  4 endoplasms
  2 giant cockroaches (D:2)
  6 goblins
  10 hobgoblins
  4 jackals (D:5)
  29 kobolds
  A quokka (D:1)
  9 ball pythons
  7 bats
  5 frilled lizards
  4 kobold skeletons (D:10)
  2 kobold zombies (D:10)
  7 rats
351 creatures vanquished.

Vanquished Creatures (collateral kills)
  A reaper (IceCv)
  A minotaur (Gauntlet)
  The ghost of wingedge the Frost Mage, a journeyman MfIE of Gozag (D:11)
  2 two-headed ogres
  3 death yaks
  An ugly thing (D:11)
  An ice statue (IceCv)
  5 elephants
  A black mamba (Lair:1)
  3 cane toads
  A kobold demonologist (D:10)
  2 ice devils
  5 komodo dragons
  2 trolls (D:10)
  6 blink frogs (Lair:4)
  A polar bear (Lair:1)
  2 wraiths (D:11)
  16 yaks
  A wyvern (D:11)
  3 basilisks
  A naga (Lair:2)
  3 water moccasins
  A black bear (D:6)
  4 wolves
  2 centaurs
  5 kobold brigands
  4 bullfrogs
  A necrophage (D:7)
  3 two-headed ogre simulacra (IceCv)
  2 killer bees
  2 orc priests (D:8)
  A jelly (D:5)
  5 orc wizards
  A polar bear simulacrum (IceCv)
  A gnoll (D:5)
  An adder (D:5)
  6 white imps
  An ufetubus (IceCv)
  5 orcs (D:8)
  A quokka (D:4)
  18 kobolds
  5 kobold skeletons (D:10)
  7 kobold zombies (D:10)
  2 rats (D:10)
140 creatures vanquished.

Vanquished Creatures (others)
  A wolf (Lair:5)
  8 knights
  38 fungi
  37 plants
84 creatures vanquished.

Grand Total: 575 creatures vanquished

Notes
Turn   | Place    | Note
-------+----------+-------------------------------------------
     0 | D:1      | wingedge the Human Wanderer began the quest for the Orb.
     0 | D:1      | wingedge set off with the following items: a +0 dagger, 10
                  | boomerangs, a potion of invisibility, a +0 leather armour;
                  | and the following spell memorised: Sting; and the following
                  | spells available to memorise: Searing Ray, Static
                  | Discharge, Passwall, Spider Form.
     0 | D:1      | Reached XP level 1. HP: 13/13 MP: 2/2
    99 | D:1      | Reached XP level 2. HP: 18/20 MP: 3/3
   429 | D:1      | Reached skill level 1 in Stealth
   574 | D:1      | Reached skill level 1 in Air Magic
   574 | D:1      | Reached skill level 1 in Poison Magic
   595 | D:1      | Reached skill level 1 in Fighting
   599 | D:1      | Reached XP level 3. HP: 22/26 MP: 4/4
   764 | D:1      | Learned a level 2 spell: Static Discharge
  1575 | D:2      | Reached XP level 4. HP: 32/32 MP: 5/5
  1663 | D:2      | Learned a level 2 spell: Searing Ray
  1912 | D:2      | Found a faded altar of an unknown god.
  1918 | D:2      | Identified the +4 leather armour "Xyqal" {Rampage Str-3
                  | Dex+6}
  2261 | D:3      | Reached XP level 5. HP: 22/38 MP: 3/8
  2420 | D:3      | Found a runed translucent door.
  2421 | D:3      | Noticed Crazy Yiuf
  2429 | D:3      | Killed Crazy Yiuf
  2706 | D:3      | Found a runed translucent door.
  2719 | D:3      | Noticed Chaicat's ghost (amateur TrWr)
  2719 | D:3      | Noticed a bullfrog
  2845 | D:3      | Found Tunim's Distillery.
  2854 | D:3      | Bought a potion of degeneration for 12 gold pieces
  2854 | D:3      | Bought a potion of curing for 36 gold pieces
  2854 | D:3      | Bought a potion of lignification for 36 gold pieces
  2854 | D:3      | Bought a potion of curing for 36 gold pieces
  2909 | D:3      | Killed a bullfrog
  2910 | D:3      | Reached XP level 6. HP: 6/47 MP: 2/9
  2954 | D:3      | Killed Chaicat's ghost
  2955 | D:3      | Reached XP level 7. HP: 21/54 MP: 9/11
  3147 | D:3      | Found a runed translucent door.
  3402 | D:3      | Found a hazy altar of Hepliaklqana.
  3410 | D:3      | Became a worshipper of Hepliaklqana the Forgotten
  3518 | D:3      | Found Destoyro's Book Emporium.
  3708 | D:3      | Found Xouvud's Weapon Emporium.
  3982 | D:4      | Reached * piety under Hepliaklqana
  4109 | D:4      | Noticed Eustachio
  4132 | D:4      | Killed Eustachio
  4133 | D:4      | Reached XP level 8. HP: 32/54 MP: 2/14
  4286 | D:4      | Found a sparkling altar of Nemelex Xobeh.
  4286 | D:4      | Noticed Edmund
  4294 | D:4      | Killed Edmund
  4295 | D:4      | Reached skill level 1 in Summonings
  4751 | D:4      | Noticed Duvessa
  4751 | D:4      | Noticed Dowan
  4764 | D:4      | Killed Duvessa
  4765 | D:4      | Reached skill level 5 in Air Magic
  4766 | D:4      | Killed Dowan
  5033 | D:5      | Entered Level 5 of the Dungeon
  5033 | D:5      | Noticed Sigmund
  5039 | D:5      | Killed Sigmund
  5040 | D:5      | Reached skill level 5 in Conjurations
  5151 | D:5      | Found a white marble altar of Elyvilon.
  5151 | D:5      | Found a glowing golden altar of the Shining One.
  5153 | D:5      | Found a glowing silver altar of Zin.
  5163 | D:5      | Reached skill level 5 in Spellcasting
  5290 | D:5      | Reached XP level 9. HP: 59/59 MP: 16/16
  5415 | D:5      | Reached skill level 5 in Fighting
  5791 | D:5      | Found a radiant altar of Vehumet.
  5793 | D:5      | Found an iron altar of Okawaru.
  5801 | D:5      | Found a transporter.
  5808 | D:5      | Found a transporter.
  6099 | D:6      | Found an ornate altar of the Wu Jian Council.
  6147 | D:6      | Found a basalt altar of Yredelemnul.
  6152 | D:6      | Reached ** piety under Hepliaklqana
  6160 | D:6      | Remembered your ancestor Mushu as a knight
  6336 | D:6      | Learned a level 5 spell: Irradiate
  6337 | D:6      | Found the +1 robe of Vines {NoPotionHeal Regen++++}
  6426 | D:6      | Found a shimmering altar of Xom.
  6691 | D:7      | Found a flagged portal.
  6700 | D:7      | Reached skill level 5 in Transmutations
  6741 | Bailey   | Entered a bailey
  6833 | Bailey   | Reached XP level 10. HP: 19/66 MP: 10/17
  6872 | Bailey   | Found a burning altar of Makhleb.
  6947 | D:7      | Found Hetaehue's Antique Armour Shoppe.
  6955 | D:7      | Bought a pair of masterwork gloves for 266 gold pieces
  6955 | D:7      | Identified the -1 pair of gloves "Nimaemait" {rPois rF+
                  | Will+} (You bought it in a shop on level 7 of the Dungeon)
  6955 | D:7      | Bought a runed scarf for 224 gold pieces
  7062 | D:3      | Bought a book of Storms for 416 gold pieces
  7067 | D:3      | Learned a level 4 spell: Airstrike
  7072 | D:3      | Learned a level 4 spell: Summon Lightning Spire
  7376 | D:7      | Found a staircase to the Ecumenical Temple.
  7385 | Temple   | Entered the Ecumenical Temple
  7452 | D:7      | You fall into a shaft and drop 3 floors!
  7452 | D:10     | Entered Level 10 of the Dungeon
  7465 | D:9      | Noticed an obsidian statue
  7630 | D:8      | Reached skill level 1 in Earth Magic
  7687 | D:8      | Noticed a two-headed ogre
  7696 | D:8      | Killed a two-headed ogre
  7697 | D:8      | Reached XP level 11. HP: 71/71 MP: 12/21
  7720 | D:8      | Learned a level 5 spell: Lightning Bolt
  7763 | D:8      | Reached skill level 5 in Summonings
  7815 | D:8      | Found a snail-covered altar of Cheibriados.
  8384 | D:8      | Reached *** piety under Hepliaklqana
  8419 | D:8      | Found a staircase to the Lair.
  8435 | D:8      | Reached skill level 5 in Dodging
  9225 | D:10     | Noticed Fannar
  9239 | D:10     | Killed Fannar
  9469 | D:10     | Reached skill level 1 in Shields
  9495 | D:10     | Noticed a moth of wrath
  9498 | D:10     | Found a bloodstained altar of Trog.
  9854 | D:10     | Killed a moth of wrath
  9895 | D:10     | Reached skill level 2 in Shields
  9955 | D:10     | Reached skill level 3 in Shields
 10243 | D:10     | Found an ancient bone altar of Kikubaaqudgha.
 10517 | D:10     | Reached **** piety under Hepliaklqana
 10521 | D:10     | Found an ancient bone altar of Kikubaaqudgha.
 10571 | D:11     | Found a gate leading to a gauntlet.
 10583 | Gauntlet | Entered a Gauntlet
 10583 | Gauntlet | Found a transporter.
 10590 | Gauntlet | Found a transporter.
 10593 | Gauntlet | Found a transporter.
 10594 | Gauntlet | Found a transporter.
 10602 | Gauntlet | Found a transporter.
 10605 | Gauntlet | Found a transporter.
 10606 | Gauntlet | Found a transporter.
 10609 | Gauntlet | Noticed a soul eater
 10610 | Gauntlet | Found a runed translucent door.
 10610 | Gauntlet | Found a runed translucent door.
 10614 | Gauntlet | Found a transporter.
 10617 | Gauntlet | Found a transporter.
 10618 | Gauntlet | Found a transporter.
 10625 | Gauntlet | Noticed a five-headed hydra
 10629 | Gauntlet | Found a transporter.
 10629 | Gauntlet | Found a transporter.
 10630 | Gauntlet | Found a transporter.
 10636 | Gauntlet | Found a runed translucent gate.
 10636 | Gauntlet | Found a runed translucent gate.
 10636 | Gauntlet | Found a runed translucent gate.
 10638 | Gauntlet | Found a transporter.
 10729 | Gauntlet | Reached XP level 12. HP: 81/81 MP: 22/22
 10743 | Gauntlet | Identified the +3 shortbow of Extermination {vorpal, rPois
                  | rF- Str+5}
 10743 | Gauntlet | Identified the +0 chain mail of Conscience {rF- rN+ Will+
                  | Stlth+}
 10743 | Gauntlet | Noticed a minotaur
 10753 | Gauntlet | Killed a minotaur
 10754 | Gauntlet | Reached skill level 4 in Shields
 10777 | Gauntlet | Got Sif Muna's Anthology of Congealing Interference
 10791 | Gauntlet | Identified the +7 broad axe "Biwete" {vorpal, rC- Str+4
                  | Dex+4}
 10906 | D:11     | Noticed a two-headed ogre
 10919 | D:11     | Killed a two-headed ogre
 10976 | D:11     | Identified a scroll of acquirement
 10977 | D:11     | Acquired the +6 double sword of the Present {vorpal, Int+3
                  | Dex+3}
 11003 | D:11     | Reached skill level 1 in Long Blades
 11044 | D:11     | Found a transporter.
 11047 | D:11     | Found a transporter.
 11049 | D:11     | Noticed wingedge's ghost (journeyman MfIE)
 11059 | D:11     | Noticed a two-headed ogre
 11118 | D:11     | Reached skill level 5 in Shields
 11125 | D:11     | Killed wingedge's ghost
 11165 | D:11     | Killed a two-headed ogre
 11166 | D:11     | Reached skill level 6 in Shields
 11195 | D:11     | Identified the ring of Qiyf {rCorr Str+4 SInv}
 11718 | Lair:1   | Entered Level 1 of the Lair of Beasts
 11861 | Lair:1   | Reached skill level 5 in Long Blades
 11862 | Lair:1   | Reached skill level 7 in Shields
 11910 | Lair:1   | Reached ***** piety under Hepliaklqana
 11934 | Lair:1   | Noticed a four-headed hydra
 11947 | Lair:1   | Killed a six-headed hydra
 11948 | Lair:1   | Reached skill level 1 in Invocations
 11948 | Lair:1   | Reached XP level 13. HP: 46/86 MP: 20/23
 11955 | Lair:1   | Reached skill level 8 in Shields
 12105 | Lair:1   | Reached skill level 9 in Shields
 12676 | Lair:2   | Reached skill level 10 in Shields
 12724 | Lair:2   | Learned a level 2 spell: Sublimation of Blood
 12774 | Lair:2   | Reached skill level 1 in Necromancy
 13023 | Lair:2   | Found a staircase to the Snake Pit.
 13227 | Lair:2   | Reached skill level 11 in Shields
 13676 | Lair:3   | Noticed an eight-headed hydra
 13684 | Lair:3   | Killed an eight-headed hydra
 13853 | Lair:3   | Found a staircase to the Swamp.
 14049 | Lair:3   | Reached skill level 5 in Necromancy
 14131 | Lair:3   | Reached XP level 14. HP: 92/92 MP: 8/24
 14638 | Lair:4   | Reached skill level 12 in Shields
 14694 | Lair:4   | Found a frozen archway.
 14716 | IceCv    | Entered an ice cave
 15033 | IceCv    | Noticed a reaper
 15052 | IceCv    | Killed a reaper
 15279 | Lair:4   | Noticed Sonja
 15381 | Lair:4   | Killed Sonja
 15432 | Lair:4   | Found a staircase to the Slime Pits.
 15783 | Lair:4   | Reached ****** piety under Hepliaklqana
 16062 | Lair:4   | Acquired a +2 double sword of holy wrath
 16255 | Lair:5   | Entered Level 5 of the Lair of Beasts
 16305 | Lair:5   | Reached XP level 15. HP: 76/97 MP: 4/27
 16309 | Lair:5   | HP: 4/97 [five-headed hydra (11)]
 16309 | Lair:5   | Slain by an elephant

Illustrated notes

Levels and vault maps discovered:
D:1:      minmay_arrival_doors, layout_basic, hangedman_decor_slide_cut
D:2:      layout_basic, shapermc_ecumenical_altar_mp_urbaneastern,
          minmay_misc_feat_columns
D:3:      layout_basic, marbit_many_paths, serial_shops, nicolae_diamond_shop,
          nicolae_shop_stone, nicolae_shop_hallway_plus, ebering_ghost_sewer_f,
          corexii_hall_statues_l, nicolae_figureground_sparkle,
          uniq_crazy_yiuf_cottage
D:4:      layout_basic, nemelex_spade_bored_becter, feat_on_display,
          uniq_eustachio, uniq_edmund, uniq_duvessa
D:5:      layout_basic, dreamdust_divine_triumvirate,
          gammafunk_temple_overflow_arena,
          nicolae_concentric_dashed_squares_mild, uniq_sigmund
D:6:      layout_gridville, mainiacjoe_overflow_alcove_4,
          mainiacjoe_overflow_chevrons, old_standard_altar,
          kennysheep_small_circle
D:7:      layout_basic, minmay_temple_entry_gardened_gates, serial_shops, shop,
          enter_bailey_6
D:8:      layout_rooms, mainiacjoe_overflow_tiny_flanked, erik_lair_dragon,
          dreamdust_gnoll_shepherd
D:9:      layout_loops_ring, minmay_protected_statue
D:10:     wander_kiku_kobolds, layout_irregular_city, tgw_trog,
          lemuel_coloured_pillars_altar, uniq_fannar
D:11:     layout_small_grid, gauntlet_entry_generic, nzn_ghost_randoct
Temple:   nicolae_temple_cloud_nine
Lair:1:   layout_hall_layers, grunt_megastairs_2, infiniplex_staircase_pool_2,
          serial_bayou_shore_b, lemuel_fruit_fields
Lair:2:   layout_loops_ring, guppyfry_snake_entry_island
Lair:3:   layout_regular_city, swamp_mist_pool
Lair:4:   layout_cave_pods, slime_entry_1, portal_ice_cave_entry_imps, pond,
          lemuel_fruit_tree, grunt_megastairs_5, infiniplex_staircase_pool,
          uniq_sonja
Lair:5:   minmay_lair_end_enchanted_forest, layout_gridlike, st_stairs_5,
          grunt_megastairs_4

Skill      XL: |  1  2  3  4  5  6  7  8  9 10 11 12 13 14 15 |
---------------+----------------------------------------------+-----
Stealth        | 1 |  1.0
Air Magic      | 1 2 3 4 5 6 7 9 |  9.0
Poison Magic   | 1 |  1.0
Fighting       | 1 2 3 4 5 7 |  7.1
Spellcasting   | 2 3 4 5 7 8 |  8.0
Throwing       | 3 |  3.0
Conjurations   | 4 5 6 7 8 9 |  9.0
Dodging        | 2 3 5 6 |  6.0
Summonings     | 1 2 4 6 7 |  7.0
Transmutations | 5 6 7 8 |  8.0
Earth Magic    | 3 |  3.0
Shields        | 3 7 11 12 | 12.0
Long Blades    | 5 6 |  6.0
Invocations    | 1 2 3 |  3.0
Necromancy     | 5 |  5.0
Armour         | |  1.0

Action                   |  1- 3 |  4- 6 |  7- 9 | 10-12 | 13-15 || total
-------------------------+-------+-------+-------+-------+-------++-------
Melee: Dagger            |    32 |     8 |       |       |       ||    40
       Long sword        |       |    23 |    15 |       |       ||    38
       Rapier            |       |       |    18 |    45 |       ||    63
       Flail             |       |       |       |     8 |     8 ||    16
       Whip              |       |       |       |     5 |       ||     5
       Double sword      |       |       |       |    24 |   126 ||   150
Throw: Boomerang         |    76 |    29 |     7 |     7 |     1 ||   120
       Dart              |     2 |       |       |     1 |       ||     3
       Throwing net      |       |       |       |     1 |       ||     1
 Cast: Sting             |     5 |     1 |     1 |     1 |       ||     8
       Static Discharge  |     7 |    13 |   106 |    96 |    56 ||   278
       Searing Ray       |       |     8 |     9 |     9 |       ||    26
       Airstrike         |       |       |       |    93 |    57 ||   150
       Summon Lightning  |       |       |       |    26 |    25 ||    51
       Irradiate         |       |       |       |    15 |    33 ||    48
       Lightning Bolt    |       |       |       |     5 |    24 ||    29
       Sublimation of Bl |       |       |       |       |    30 ||    30
Invok: Ancestor Identity |       |       |     1 |       |       ||     1
       Recall Ancestor   |       |       |     1 |     3 |       ||     4
       Ancestor Life: Kn |       |       |     1 |       |       ||     1
       Transference      |       |       |       |     1 |       ||     1
Evoke: Wand              |       |       |       |     1 |     2 ||     3
  Use: Potion            |     1 |     2 |       |       |       ||     3
       Scroll            |       |     5 |     9 |    12 |    14 ||    40
 Stab: Sleeping          |     2 |       |     1 |       |       ||     3
       Distracted        |       |       |       |     2 |     3 ||     5
       Petrified         |       |       |       |       |     3 ||     3
Armor: Leather armour    |    28 |    15 |    49 |       |       ||    92
       Skin              |       |     6 |       |       |       ||     6
       Robe              |       |       |    14 |    97 |   102 ||   213
Dodge: Dodged            |    62 |    29 |    91 |   143 |   154 ||   479
Block: Buckler           |       |       |       |    11 |       ||    11
       Kite shield       |       |       |       |    17 |   192 ||   209
       Reflection        |       |       |       |       |     9 ||     9

Table legend: (Time is in decaauts)
 A = Elapsed time spent in this place.
 B = Non-inter-level travel time spent in this place.
 C = Inter-level travel time spent in this place.
 D = Time resting spent in this place.
 E = Time spent auto-exploring this place.
 F = Levels seen in this place.
 G = Mean time per level.
                   A        B        C        D        E       F      G
               +--------+--------+--------+--------+--------+-----+--------+
         Total |  16459 |  15683 |    776 |   1958 |   9721 |  20 |  823.0 |
       Dungeon |  11303 |  10604 |    699 |   1530 |   6484 |  11 | 1027.5 |
        Temple |     42 |     39 |      3 |      0 |     38 |   1 |   42.0 |
          Lair |   4116 |   4042 |     74 |    232 |   3026 |   5 |  823.2 |
        Bailey |    204 |    204 |      0 |     21 |     72 |   1 |  204.0 |
      Ice Cave |    541 |    541 |      0 |    175 |     63 |   1 |  541.0 |
      Gauntlet |    251 |    251 |      0 |      0 |     38 |   1 |  251.0 |
               +--------+--------+--------+--------+--------+-----+--------+

Top non-repeatable levels by time:
     D:3: 1583 daAuts
     D:1: 1455 daAuts
    D:10: 1365 daAuts
     D:4: 1363 daAuts
  Lair:4: 1113 daAuts
     D:5: 1088 daAuts
  Lair:3: 1071 daAuts
     D:8: 976 daAuts
  Lair:2: 944 daAuts
  Lair:1: 927 daAuts
    D:11: 850 daAuts
     D:9: 848 daAuts
     D:2: 793 daAuts
     D:6: 715 daAuts
   IceCv: 541 daAuts
